 Dungeon Crawl Stone Soup version 0.20-a0-464-g526fb3c (webtiles) character file.

74428 tsouns the Slicer (level 15, -8/110 HPs)
             Began as a Halfling Monk on Jan 11, 2017.
             Was the Champion of Kikubaaqudgha.
             Mangled by a harpy (10 damage)
             ... summoned by Kirke
             ... on level 14 of the Dungeon.
             The game lasted 01:35:11 (25775 turns).

tsouns the Slicer (Halfling Monk)                  Turns: 25775, Time: 01:35:12

Health: -8/110     AC:  0    Str: 13    XL:     15   Next: 94%
Magic:  12/20      EV: 23    Int: 12    God:    Kikubaaqudgha [******]
Gold:   1552       SH:  0    Dex: 19    Spells: 5/20 levels left

rFire  . . .     SeeInvis .     (weapon currently unavailable)
rCold  . . .     Gourm    .     (armour currently unavailable)
rNeg   . . .     Faith    .     (shield currently unavailable)
rPois  .         Spirit   .     (helmet currently unavailable)
rElec  .         Reflect  .     (cloak currently unavailable)
rCorr  .         Harm     .     (gloves currently unavailable)
MR     +....                    (boots currently unavailable)
Stlth  +++++.....               a - amulet of regeneration
                                (ring currently unavailable)
                                (ring currently unavailable)

@: about to teleport, pig-form (expiring), slowed
A: (deformed body), mutation resistance 1, MP-powered wands
a: Receive Corpses, Torment, Renounce Religion


You were on level 14 of the Dungeon.
You worshipped Kikubaaqudgha.
Kikubaaqudgha was exalted by your worship.
You were hungry.
You were a filthy swine.
You visited 3 branches of the dungeon, and saw 21 of its levels.
You also visited: Ice Cave.

You collected 1552 gold pieces.

Inventory:

Hand Weapons
 s - a +6 blowgun
 F - a +4 rapier of pain (melded)
 I - a +4 short sword of draining
Missiles
 p - 4 throwing nets
 B - 22 tomahawks (quivered)
 L - 15 curare-tipped needles
Armour
 l - a cursed +0 buckler (melded)
 t - a +1 helmet (melded)
 y - a +2 leather armour of poison resistance (melded)
 P - a +1 pair of boots (melded)
 X - a +2 pair of gloves (melded)
Jewellery
 a - an amulet of regeneration (around neck)
 h - a ring of wizardry (melded)
 j - a +2 ring of slaying (melded)
 k - an uncursed amulet of rage
Wands
 b - a wand of lightning (0/15)
 f - a wand of paralysis (11/24)
 G - a wand of scattershot (0/9)
 M - a wand of flame (3/48)
 R - a wand of acid (0/15)
 S - a wand of paralysis (14/24)
 U - a wand of confusion (2/48)
Scrolls
 e - 6 scrolls of magic mapping
 m - 5 scrolls of teleportation
 q - 3 scrolls of immolation
 u - 4 scrolls of blinking
 v - 2 scrolls of identify
 w - 3 scrolls of amnesia
 E - 14 scrolls of remove curse
 N - 3 scrolls of fog
 Q - 3 scrolls of recharging
 T - a scroll of holy word
 V - a scroll of fear
Potions
 g - 2 potions of ambrosia
 i - a potion of magic
 n - 6 potions of agility
 o - 4 potions of lignification
 r - 6 potions of curing
 C - a potion of resistance
 D - a potion of might
 K - 6 potions of haste
 Z - a potion of brilliance {unknown}
Books
 z - Kikubaaqudgha's Incunabulum of Evil Rituals
   (Kikubaaqudgha gifted it to you in the Ecumenical Temple)

   Spells                             Type                      Level
   a - Animate Skeleton               Necromancy                   1
   b - Corpse Rot                     Necromancy                   2
   c - Sublimation of Blood           Necromancy                   2
   d - Vampiric Draining              Necromancy                   3
   e - Control Undead                 Necromancy                   4
 J - Kikubaaqudgha's Almanac of Necromancy
   (Kikubaaqudgha gifted it to you on level 7 of the Dungeon)

   Spells                             Type                      Level
   a - Bolt of Draining               Conjuration/Necromancy       5
   b - Agony                          Necromancy                   5
   c - Cigotuvi's Embrace             Necromancy                   5
   d - Dispel Undead                  Necromancy                   5
   e - Simulacrum                     Ice/Necromancy               6
Miscellaneous
 d - a phantom mirror
 A - a fan of gales
Comestibles
 c - 8 bread rations
 x - 9 meat rations
 H - 27 fruits
 O - a chunk of flesh


   Skills:
 + Level 13.1 Fighting
 - Level 14.1 Short Blades
 - Level 6.0 Armour
 - Level 9.5 Dodging
 + Level 12.6 Stealth
 - Level 7.3 Shields
 - Level 3.4 Spellcasting
 + Level 8.7 Necromancy
 - Level 6.2 Evocations


You had 5 spell levels left.
You knew the following spells:

 Your Spells              Type           Power        Failure   Level  Hunger
a - Animate Skeleton      Necr           N/A          1%          1    #......
b - Corpse Rot            Necr           N/A          1%          2    ##.....
c - Vampiric Draining     Necr           ###.......   1%          3    ###....
d - Control Undead        Necr           ###.......   8%          4    #####..
e - Dispel Undead         Necr           ###.....     21%         5    ######.


Dungeon Overview and Level Annotations

Branches:
Dungeon (14/15)            Temple (1/1) D:5            Lair (6/6) D:11
  Swamp (0/4) Lair:3        Snake (0/4) Lair:3        Slime (0/5) Lair:6
    Orc (0/2) D:12
 Vaults: D:13-14

Altars:
Ashenzari
Cheibriados
Dithmenos
Elyvilon
Fedhas
Gozag
Hepliaklqana
Kikubaaqudgha
Makhleb
Nemelex Xobeh
Okawaru
Qazlal
Ru
Sif Muna
Trog
Uskayaw
Vehumet
Xom
Yredelemnul
Zin
The Shining One
Jiyva

Annotations:
D:14 Kirke


Innate Abilities, Weirdness & Mutations

You are small and have problems with some larger weapons.
You are somewhat resistant to further mutation.
((Armour fits poorly on your strangely shaped body.))
You expend magic power (3 MP) to strengthen your wands.


Message History

The harpy claws you. The harpy misses you. The harpy claws you.
* * * LOW HITPOINT WARNING * * *
The harpy claws you!
* * * LOW HITPOINT WARNING * * *
Unknown command.
As you read the scroll of teleportation, it crumbles to dust.
You feel strangely unstable. The harpy completely misses you.
The harpy barely misses you. The harpy completely misses you.
The harpy barely misses you.
Kirke mumbles some strange words.
Kirke summons a sphinx!
Unknown command.
The harpy claws you!!
* * * LOW HITPOINT WARNING * * *
The harpy misses you.
The vault guard shouts!
Unknown command.
The harpy claws you!
You die...
Kikubaaqudgha rasps: "You have failed me!
Welcome... death!"

#.# #.....#..# #.# ##'pp##..#
#.# #..V. #..# #.# '.... #..#
##### #.# '. #@H# #...####.#
' #..# #........# #..#
#...####.#############..#
##.## #......hHH.@H.[..# #.#
####.....######..# #>#
#....p######.####
####.########...............#
...................########.#
.....####.#.#......#### #.#
###### #.#...........# #.# #
#.######...##.# #.#
#########.#### ##.###.# #.#


You could see Kirke, a sphinx, a vault guard and 2 harpies.

Vanquished Creatures
  Rupert (Lair:4)
  2 entropy weavers (Lair:6)
  The ghost of Nuatha the Unseen, a journeyman SpAK of Lugonu (D:12)
  Josephine (D:10)
  Erolcha (D:9)
  A vault guard (D:14)
  5 hydras
  Erica (D:10)
  A merfolk avatar (Lair:6)
  A centaur warrior (D:13)
  3 two-headed ogres
  A queen ant (Lair:6)
  Urug (Lair:3)
  Sonja (Lair:3)
  3 skeletal warriors (D:14)
  An unseen horror (D:12)
  A sea snake (Lair:6)
  2 wizards (D:14)
  3 necromancers
  A harpy (shapeshifter) (D:14)
  A wolf spider zombie (D:13)
  4 cyclopes
  4 ugly things
  2 manticores
  6 elephants
  2 black mambas
  2 ice statues (IceCv)
  3 gargoyles
  8 spiny frogs
  Joseph (D:9)
  A torpor snail (Lair:6)
  A freezing wraith (D:14)
  9 komodo dragons
  An efreet (D:14)
  2 kobold demonologists (D:13)
  6 rime drakes
  3 tengu conjurers (D:13)
  5 polar bears (Lair:6)
  Prince Ribbit (D:9)
  A wind drake (Lair:6)
  A troll (D:10)
  3 hornets
  3 slime creatures (D:13)
  5 hippogriffs
  13 blink frogs
  10 dream sheep (Lair:5)
  A vampire (D:14)
  38 yaks
  16 humans
  3 basilisks
  5 wyverns
  5 wraiths
  6 hogs
  A steam dragon (Lair:4)
  A hungry ghost (D:12)
  3 vampire mosquitoes (D:14)
  A warg (D:12)
  Menkaure (D:5)
  3 nagas (Lair:3)
  16 soldier ants (Lair:6)
  2 acid dragons (D:12)
  10 water moccasins
  8 porcupines
  Duvessa (D:7)
  11 orc warriors
  A sky beast (D:5)
  13 ice beasts
  A black bear (D:9)
  An elephant zombie (Lair:5)
  A necrophage (D:5)
  2 phantoms (D:12)
  6 centaurs
  3 wolves (Lair:6)
  An eye of draining (D:13)
  11 ogres
  12 crocodiles
  A big kobold (D:13)
  18 bullfrogs
  An elf skeleton (D:12)
  Dowan (D:7)
  5 scorpions
  23 killer bees
  A troll skeleton (D:12)
  8 wights
  3 howler monkeys (D:8)
  5 electric eels (Lair:5)
  2 centaur zombies
  5 crimson imps
  6 human zombies (D:12)
  6 orc priests
  A basilisk zombie (Lair:5)
  3 jellies
  A gnoll shaman (D:5)
  2 hounds
  3 centaur skeletons
  2 bullfrog skeletons
  6 iguanas
  20 orc wizards
  A human skeleton (D:12)
  41 worker ants
  A killer bee zombie (D:8)
  2 ogre zombies (D:12)
  A crocodile zombie (Lair:5)
  A howler monkey zombie (D:5)
  12 adders
  8 gnolls
  5 shadow imps
  12 white imps (Lair:6)
  2 adder skeletons
  An adder zombie (D:5)
  5 worms
  3 dart slugs
  4 leopard geckos
  61 orcs
  A ball python (D:1)
  6 giant cockroaches
  9 goblins
  17 hobgoblins
  6 jackals
  6 kobolds
  4 quokkas
  A bat (D:1)
  12 frilled lizards
  A jackal zombie (D:5)
  A leopard gecko zombie (D:5)
  An orc zombie (D:12)
  2 quokka skeletons (D:5)
  6 rats
  A fungus (Lair:6)
  A plant (Lair:6)
672 creatures vanquished.

Vanquished Creatures (others)
  An orc priest (D:6)
  2 orc wizards
  3 adders (D:6)
  3 orcs (D:6)
  A bush (Lair:6)
  19 fungi
  22 plants (Lair:6)
51 creatures vanquished.

Grand Total: 723 creatures vanquished

Notes
Turn   | Place    | Note
-------+----------+-------------------------------------------
     0 | D:1      | tsouns the Halfling Monk began the quest for the Orb.
     0 | D:1      | Reached XP level 1. HP: 15/15 MP: 1/1
   117 | D:1      | Reached XP level 2. HP: 20/20 MP: 2/2
   232 | D:1      | Reached skill level 4 in Short Blades
   447 | D:1      | Reached XP level 3. HP: 25/25 MP: 3/3
  1582 | D:1      | Reached XP level 4. HP: 19/31 MP: 4/4
  2446 | D:2      | Found a faded altar of an unknown god.
  2755 | D:3      | Reached XP level 5. HP: 29/36 MP: 5/5
  3086 | D:3      | Reached skill level 5 in Short Blades
  3230 | D:3      | Reached XP level 6. HP: 41/43 MP: 6/6
  4196 | D:4      | Noticed an ogre
  4209 | D:4      | Killed an ogre
  4209 | D:4      | Reached skill level 5 in Stealth
  4280 | D:4      | Found a glowing golden altar of the Shining One.
  4374 | D:4      | Reached XP level 7. HP: 48/48 MP: 7/7
  4480 | D:5      | Entered Level 5 of the Dungeon
  4556 | D:5      | Reached skill level 6 in Short Blades
  4700 | D:5      | Noticed Menkaure
  4715 | D:5      | Killed Menkaure
  4896 | D:5      | Reached skill level 5 in Fighting
  4902 | D:5      | Reached skill level 7 in Short Blades
  4902 | D:5      | Reached XP level 8. HP: 55/55 MP: 8/8
  5036 | D:5      | Found an iron altar of Okawaru.
  5058 | D:5      | Reached skill level 9 in Short Blades
  5058 | D:5      | Reached skill level 5 in Evocations
  5058 | D:5      | Reached XP level 9. HP: 57/64 MP: 8/13
  5141 | D:5      | Found a staircase to the Ecumenical Temple.
  5163 | Temple   | Entered the Ecumenical Temple
  5346 | Temple   | Became a worshipper of Kikubaaqudgha
  5346 | Temple   | Reached * piety under Kikubaaqudgha
  5346 | Temple   | Identified Kikubaaqudgha's Incunabulum of Evil Rituals (Kikubaaqudgha gifted it to you in the Ecumenical Temple)
  5346 | Temple   | Received a gift from Kikubaaqudgha
  5346 | Temple   | Reached ** piety under Kikubaaqudgha
  5350 | Temple   | Learned a level 1 spell: Animate Skeleton
  5353 | Temple   | Learned a level 2 spell: Corpse Rot
  5623 | D:6      | Reached skill level 10 in Short Blades
  5697 | D:6      | Reached skill level 1 in Necromancy
  5784 | D:6      | Found a shimmering altar of Xom.
  6907 | D:6      | Found a shadowy altar of Dithmenos.
  7017 | D:7      | Reached XP level 10. HP: 50/72 MP: 14/14
  7338 | D:7      | Noticed Duvessa
  7388 | D:7      | Learned a level 3 spell: Vampiric Draining
  7389 | D:7      | Found an opulent altar of Gozag.
  7389 | D:7      | Noticed Dowan
  7408 | D:7      | Killed Duvessa
  7412 | D:7      | Reached *** piety under Kikubaaqudgha
  7412 | D:7      | Identified Kikubaaqudgha's Almanac of Necromancy (Kikubaaqudgha gifted it to you on level 7 of the Dungeon)
  7412 | D:7      | Received a gift from Kikubaaqudgha
  7572 | D:7      | Killed Dowan
  7820 | D:7      | Found a radiant altar of Vehumet.
  8051 | D:8      | Noticed a two-headed ogre
  8066 | D:8      | Killed a two-headed ogre
  8066 | D:8      | Reached skill level 11 in Short Blades
  8948 | D:9      | Noticed Prince Ribbit
  8973 | D:9      | Killed Prince Ribbit
  9051 | D:9      | Noticed Joseph
  9077 | D:9      | Killed Joseph
  9077 | D:9      | Reached skill level 1 in Shields
  9253 | D:9      | Noticed a two-headed ogre
  9270 | D:9      | Killed a two-headed ogre
  9270 | D:9      | Reached XP level 11. HP: 31/78 MP: 15/15
  9716 | D:9      | Reached **** piety under Kikubaaqudgha
  9720 | D:9      | Found a sparkling altar of Nemelex Xobeh.
  9864 | D:9      | Got a slimy turquoise ring
  9881 | D:9      | Identified the ring of Wonder {*Tele *Contam rPois Dex+2} (You found it on level 9 of the Dungeon)
  9885 | D:9      | Gained mutation: Armour fits poorly on your strangely shaped body. [potion of mutation]
  9893 | D:9      | Gained mutation: You expend magic power (3 MP) to strengthen your wands. [potion of mutation]
  9975 | D:9      | Noticed Erolcha
  9988 | D:9      | Killed Erolcha
 10502 | D:10     | Entered Level 10 of the Dungeon
 10502 | D:10     | Noticed Josephine
 10519 | D:9      | Reached skill level 5 in Shields
 11014 | D:10     | Noticed Erica
 11040 | D:10     | Killed Erica
 11040 | D:10     | Reached skill level 10 in Fighting
 11276 | D:10     | Killed Josephine
 11280 | D:10     | Reached XP level 12. HP: 57/87 MP: 16/16
 12393 | D:11     | Reached ***** piety under Kikubaaqudgha
 12404 | D:11     | Found a staircase to the Lair.
 12480 | D:11     | Reached skill level 1 in Armour
 13838 | D:12     | Noticed an eight-headed hydra
 13951 | Lair:1   | Entered Level 1 of the Lair of Beasts
 14572 | D:10     | Reached skill level 10 in Stealth
 15175 | Lair:2   | Learned a level 4 spell: Control Undead
 15405 | Lair:2   | Reached XP level 13. HP: 93/93 MP: 17/17
 15411 | Lair:2   | Reached skill level 12 in Short Blades
 15954 | Lair:3   | Noticed Urug
 15964 | Lair:3   | Reached skill level 1 in Spellcasting
 16026 | Lair:3   | Killed Urug
 16299 | Lair:3   | Noticed a four-headed hydra
 16303 | Lair:3   | Killed a four-headed hydra
 16311 | Lair:3   | Noticed Sonja
 16311 | Lair:3   | Found a staircase to the Snake Pit.
 16376 | Lair:3   | Killed Sonja
 16469 | Lair:3   | Found a staircase to the Swamp.
 16616 | Lair:3   | Reached skill level 5 in Necromancy
 16980 | Lair:4   | Noticed a six-headed hydra
 16990 | Lair:4   | Killed a six-headed hydra
 17180 | Lair:4   | Noticed Rupert
 17185 | Lair:4   | Killed Rupert
 17793 | Lair:5   | Reached skill level 5 in Armour
 17922 | Lair:5   | Reached XP level 14. HP: 101/101 MP: 18/18
 18423 | Lair:6   | Entered Level 6 of the Lair of Beasts
 18740 | Lair:6   | Found a frozen archway.
 18786 | IceCv    | Entered an ice cave
 19126 | Lair:6   | Learned a level 5 spell: Dispel Undead
 19221 | Lair:6   | Reached skill level 13 in Short Blades
 19338 | Lair:6   | Noticed an entropy weaver
 19921 | Lair:6   | Noticed an entropy weaver
 19928 | Lair:6   | Killed an entropy weaver
 19945 | Lair:6   | Killed an entropy weaver
 20243 | Lair:6   | Reached ****** piety under Kikubaaqudgha
 20492 | Lair:3   | Identified a +2 rapier of pain (a +0 rapier bloodied by Kikubaaqudgha)
 20492 | Lair:3   | Received a gift from Kikubaaqudgha
 20600 | Lair:6   | Found a viscous altar of Jiyva.
 20602 | Lair:6   | Found a staircase to the Slime Pits.
 21599 | Lair:6   | Reached XP level 15. HP: 87/108 MP: 20/20
 22501 | D:12     | Noticed Nuatha's ghost (journeyman SpAK)
 22529 | D:12     | Killed Nuatha's ghost
 22642 | D:12     | Found a staircase to the Orcish Mines.
 22864 | D:12     | Found a basalt altar of Yredelemnul.
 23356 | D:13     | Reached skill level 14 in Short Blades
 23965 | D:13     | Found a deep blue altar of Sif Muna.
 24590 | D:14     | Noticed Kirke
 25774 | D:14     | Noticed a sphinx
 25774 | D:14     | HP: 2/110 [harpy[Kirke] (19)]
 25775 | D:14     | Mangled by a harpy

Vault maps used:
D:1:      kennysheep_arrival_forest, nrook_uturn, minmay_misc_feat_roman,
          minmay_misc_feat_more_columns, minmay_lizard_pond
D:2:      chequers_ecumenical_altar_lobes
D:4:      nicolae_tso_swordbearing_angel, first_bread
D:5:      okawaru_metal_pillars_3, bh_chokoban, uniq_menkaure
D:6:      xom_confusion_cloud, kennysheep_mini, kb_rosetta
D:7:      lemuel_crystal_altar, marbit_many_paths, uniq_duvessa
D:9:      basic_altar, uniq_prince_ribbit1, uniq_joseph, uniq_erolcha
D:10:     uniq_erica, uniq_josephine
D:11:     lair_entry_dummy, grunt_livestock, minivault_4
D:12:     erik_orc_3, lemuel_mausoleum_altar_yredelemnul
D:13:     tgw_sif
D:14:     grunt_vaults_entry_tiered, nicolae_sextant, uniq_kirke
Temple:   regret_index_temple_generic_petals
Lair:1:   serial_bayou_pond_a
Lair:2:   lemuel_fruit_fields
Lair:3:   swamp_mist, minmay_snake_entry_guardpost_small,
          kennysheep_catoblepas_arena, uniq_sonja, uniq_urug
Lair:4:   grunt_megastairs_3, infiniplex_staircase_pool_2, uniq_rupert
Lair:5:   pond_and_an_island_with_a_cottage, zaba_anthole, serial_bayou_lake_a
Lair:6:   gammafunk_lair_ancient_temple, slime_altar_1,
          portal_ice_cave_entry_imps, zaba_antful_of_joy, lemuel_fruit_tree
IceCv:    ice_cave_statue_garden_teleport

Skill      XL: |  1  2  3  4  5  6  7  8  9 10 11 12 13 14 15 |
---------------+----------------------------------------------+-----
Short Blades   | 4 5 7 9 10 11 12 13 14 | 14.1
Fighting       | 3 4 5 7 8 10 11 12 13 | 13.1
Stealth        | 3 4 5 9 10 11 12 | 12.6
Dodging        | 7 9 |  9.5
Evocations     | 5 6 |  6.2
Necromancy     | 2 3 4 5 7 8 |  8.7
Shields        | 2 6 7 |  7.3
Armour         | 3 5 6 |  6.0
Spellcasting   | 2 3 |  3.4

Action                   |  1- 3 |  4- 6 |  7- 9 | 10-12 | 13-15 || total
-------------------------+-------+-------+-------+-------+-------++-------
Melee: Short sword       |   142 |   203 |    49 |   809 |   852 ||  2055
       Dagger            |       |       |   293 |    86 |     7 ||   386
       Rapier            |       |       |       |       |  1054 ||  1054
       Unarmed           |       |       |       |       |    25 ||    25
Throw: Stone             |       |     4 |       |    10 |       ||    14
       Throwing net      |       |       |       |       |     4 ||     4
       Tomahawk          |       |       |       |       |     6 ||     6
 Cast: Dispel Undead     |       |       |       |       |     6 ||     6
Invok: Torment           |       |       |       |       |     5 ||     5
       Brand Weapon With |       |       |       |       |     1 ||     1
       Receive Corpses   |       |       |       |       |     1 ||     1
 Abil: Evoke Berserk Rag |       |     2 |     3 |     6 |     3 ||    14
Evoke: Wand              |       |       |       |       |    35 ||    35
  Use: Scroll            |       |     9 |     7 |    10 |    16 ||    42
       Potion            |       |       |     1 |     3 |    15 ||    19
 Stab: Sleeping          |     5 |    11 |    11 |    20 |    40 ||    87
       Distracted        |       |     1 |     2 |     1 |     6 ||    10
       Confused          |       |       |     1 |       |     5 ||     6
       Held in net/web   |       |       |       |       |     2 ||     2
       Invisible         |       |       |       |       |     7 ||     7
  Eat: Chunk             |     1 |     5 |     8 |    15 |     7 ||    36
       Bread ration      |     1 |       |     1 |     3 |     2 ||     7
       Beef jerky        |       |     1 |       |     5 |       ||     6
       Pizza             |       |       |       |       |     7 ||     7
       Meat ration       |       |       |       |       |     2 ||     2
Armor: Robe              |    11 |     3 |     6 |       |       ||    20
       Leather armour    |       |       |    24 |    40 |   134 ||   198
       Skin              |       |       |       |       |     1 ||     1
Dodge: Dodged            |    86 |    89 |   142 |   363 |   854 ||  1534
Block: Shield            |       |       |       |   131 |       ||   131
       Buckler           |       |       |       |    56 |   353 ||   409
